 Dungeon Crawl Stone Soup version 0.30.1 (webtiles) character file.

Game seed: 2601038475785062882

121 javelincjr the Magician (level 5, -1/37 HPs)
             Began as a Gnoll Hedge Wizard on July 8, 2023.
             Slain by a worm (3 damage)
             ... on level 3 of the Dungeon.
             The game lasted 00:07:21 (2410 turns).

javelincjr the Magician (Gnoll Hedge Wizard)        Turns: 2410, Time: 00:07:23

Health: -1/37      AC:  4    Str:  9    XL:     5   Next: 5%
Magic:  4/14       EV: 13    Int: 22    God:
Gold:   152        SH:  0    Dex: 11    Spells: 13/18 levels left

rFire   . . .        q - staff of conjuration
rCold   . . .        (no shield)
rNeg    . . .        b - +0 robe
rPois   .            c - +0 hat
rElec   .            g - +0 cloak
rCorr   .            i - +0 pair of gloves
SInv    .            (no boots)
Will    .....        (no amulet)
Stlth   ++           f - +6 ring of intelligence
HPRegen 0.26/turn    (no ring)
MPRegen 0.14/turn

%: no passive effects
@: brilliant, lethally poisoned (-1 -> -4)
A: fangs 1, strong nose, distributed training
a: no special abilities


You were on level 3 of the Dungeon.
You visited 1 branch of the dungeon, and saw 3 of its levels.

You collected 152 gold pieces.

Inventory:

Hand Weapons
 a - a +0 dagger
Armour
 b - a +0 robe (worn)
 c - a +0 hat (worn)
 g - a +0 cloak (worn)
 i - a +0 pair of gloves (worn)
Magical Staves
 j - a staff of cold
 q - a staff of conjuration (weapon)
Jewellery
 f - a +6 ring of intelligence (left hand)
Scrolls
 k - a scroll of identify {unknown}
 m - a scroll of noise {unknown}
 o - a scroll of poison {unknown}
 p - a scroll of blinking {unknown}
Potions
 d - a potion of magic
 l - a potion of mutation {unknown}
 n - 2 potions of haste {unknown}


   Skills:
 + Level 1.4 Fighting
 + Level 1.4 Short Blades
 + Level 1.4 Long Blades
 + Level 1.4 Axes
 + Level 1.4 Maces & Flails
 + Level 1.4 Polearms
 + Level 1.4 Staves
 + Level 1.4 Ranged Weapons
 + Level 1.4 Throwing
 + Level 1.4 Armour
 + Level 4.7 Dodging
 + Level 4.3 Stealth
 + Level 1.4 Shields
 + Level 1.4 Unarmed Combat
 + Level 7.2 Spellcasting
 + Level 2.3 Conjurations
 + Level 1.1 Hexes
 + Level 2.3 Summonings
 + Level 1.1 Necromancy
 + Level 2.3 Translocations
 + Level 1.1 Transmutations
 + Level 1.1 Fire Magic
 + Level 1.1 Ice Magic
 + Level 1.1 Air Magic
 + Level 1.1 Earth Magic
 + Level 1.1 Poison Magic
 + Level 1.5 Invocations
 + Level 1.4 Evocations


You had 13 spell levels left.
You knew the following spells:

 Your Spells              Type           Power      Damage    Failure   Level
a - Magic Dart            Conj           100%       1d8       3%          1
b - Call Imp              Summ           54%        N/A       4%          2
c - Blink                 Tloc           54%        N/A       4%          2

Your spell library contained the following spells:

 Spells                   Type           Power      Damage    Failure   Level
 Shock                    Conj/Air       100%       1d9       4%          1
 Slow                     Hex            76%        N/A       4%          1
 Cigotuvi's Dreadful Rot  Necr/Pois/Air  38%        N/A       8%          2
 Mephitic Cloud           Conj/Pois/Air  33%        N/A       13%         3
 Swiftness                Air            19%        N/A       16%         3
 Airstrike                Air            9%         2d(2-18)  45%         4


Dungeon Overview and Level Annotations

Branches:
Dungeon (3/15)

Altars:


Innate Abilities, Weirdness & Mutations

You have very sharp teeth.
Your uncanny sense of smell can sniff out nearby items.
Your experience applies equally to all skills.


Message History

You feel a surge of power!
The magic dart hits something but does no damage.
Your cerulean imp hits the orc but does no damage.
Something hits you.
* * * LOW HITPOINT WARNING * * *
You are poisoned.
Casting: Magic Dart (safe; 3% risk of failure)
Confirm with . or Enter, or press ? or * to list all spells.
Aiming: Magic Dart (safe; 3% risk of failure)
Press: ? - help, Shift-Dir - straight line, f/p - orc
Aim: an orc, wielding a +0 dagger and wearing a +0 scale mail (ally target, 100% to hit)
You feel a surge of power!
The magic dart hits something.
Reactivating autopickup.
You feel a bit more experienced.
* * * LOW HITPOINT WARNING * * *
You feel sick.
Your cerulean imp hits the orc from afar with a -3 spear.
The worm bites you.
* * * LOW HITPOINT WARNING * * *
You have reached level 5!
Casting: Magic Dart (safe; 3% risk of failure)
Confirm with . or Enter, or press ? or * to list all spells.
Aiming: Magic Dart (safe; 3% risk of failure)
Press: ? - help, Shift-Dir - straight line, f/p - orc
Aim: an orc, wielding a +0 dagger and wearing a +0 scale mail (moderately wounded, ally target, 100% to hit)
You feel a surge of power!
The magic dart hits the orc but does no damage.
The orc is moderately wounded.
* * * LOW HITPOINT WARNING * * *
You feel sick.
Your cerulean imp hits the orc from afar with a -3 spear.
The orc hits you with a +0 dagger.
* * * LOW HITPOINT WARNING * * *
It was a potion of brilliance.
You feel clever all of a sudden.
* * * LOW HITPOINT WARNING * * *
You feel sick.
Your cerulean imp closely misses the orc.
The worm bites you.
You die...

.##.. .....#### ###
#....... ..
#....#.... #....#.#.
∆ #....... #......#
.##......##########
.........)o@.......
.###.....)##w.....$
.....†..5..........
###......[.........
........#.##.......
#####...........####
...#..#.#.......
#####.#.............
#.................


You could see a worm, an orc (ally target) and a friendly cerulean imp
(summoned).

Vanquished Creatures
  3 orc wizards (D:3)
  An adder (D:3)
  A worm (D:2)
  An endoplasm (D:2)
  3 giant cockroaches (D:1)
  3 hobgoblins (D:1)
  4 jackals (D:2)
  A quokka (D:1)
  5 ball pythons
  8 bats
  2 frilled lizards
  3 goblins
  4 kobolds
  3 rats
42 creatures vanquished.

Vanquished Creatures (collateral kills)
  A rat (D:3)
1 creature vanquished.

Grand Total: 43 creatures vanquished

Notes
Turn   | Place    | Note
-------+----------+-------------------------------------------
     0 | D:1      | javelincjr the Gnoll Hedge Wizard began the quest for the
                  | Orb.
     0 | D:1      | Reached XP level 1. HP: 13/13 MP: 8/8
   241 | D:1      | Reached XP level 2. HP: 19/19 MP: 10/10
   244 | D:1      | Learned a level 2 spell: Call Imp
   247 | D:1      | Learned a level 2 spell: Blink
  1394 | D:2      | Reached XP level 3. HP: 25/25 MP: 1/11
  1729 | D:2      | Reached skill level 1 in Invocations
  2338 | D:3      | Reached skill level 1 in Fighting
  2338 | D:3      | Reached skill level 1 in Short Blades
  2338 | D:3      | Reached skill level 1 in Long Blades
  2338 | D:3      | Reached skill level 1 in Axes
  2338 | D:3      | Reached skill level 1 in Maces & Flails
  2338 | D:3      | Reached skill level 1 in Polearms
  2338 | D:3      | Reached skill level 1 in Staves
  2338 | D:3      | Reached skill level 1 in Ranged Weapons
  2338 | D:3      | Reached skill level 1 in Throwing
  2338 | D:3      | Reached skill level 1 in Armour
  2338 | D:3      | Reached skill level 1 in Shields
  2338 | D:3      | Reached skill level 1 in Unarmed Combat
  2338 | D:3      | Reached skill level 1 in Evocations
  2384 | D:3      | Reached XP level 4. HP: 27/32 MP: 10/13
  2396 | D:3      | Reached skill level 1 in Hexes
  2396 | D:3      | Reached skill level 1 in Necromancy
  2396 | D:3      | Reached skill level 1 in Transmutations
  2396 | D:3      | Reached skill level 1 in Fire Magic
  2396 | D:3      | Reached skill level 1 in Ice Magic
  2396 | D:3      | Reached skill level 1 in Air Magic
  2396 | D:3      | Reached skill level 1 in Earth Magic
  2396 | D:3      | Reached skill level 1 in Poison Magic
  2409 | D:3      | Reached XP level 5. HP: 6/37 MP: 5/14
  2410 | D:3      | Slain by a worm

Illustrated notes

Levels and vault maps discovered:
D:1:      dpeg_arrival_tiny_c, layout_loops_corners, minivault_4,
          minmay_worlds_worst_comb
D:2:      layout_loops_ring
D:3:      layout_basic, worldfamousw_hep_ancestral_shrine,
          nicolae_qazlal_scattered_showers, chequers_ecumenical_altar_grove

Skill      XL: |  1  2  3  4 |
---------------+-------------+-----
Conjurations   | 2 |  2.3
Summonings     | 2 |  2.3
Translocations | 2 |  2.3
Invocations    | 1 |  1.5
Fighting       | 1 |  1.4
Short Blades   | 1 |  1.4
Long Blades    | 1 |  1.4
Axes           | 1 |  1.4
Maces & Flails | 1 |  1.4
Polearms       | 1 |  1.4
Staves         | 1 |  1.4
Ranged Weapons | 1 |  1.4
Throwing       | 1 |  1.4
Armour         | 1 |  1.4
Shields        | 1 |  1.4
Unarmed Combat | 1 |  1.4
Evocations     | 1 |  1.4
Hexes          | 1 |  1.1
Necromancy     | 1 |  1.1
Transmutations | 1 |  1.1
Fire Magic     | 1 |  1.1
Ice Magic      | 1 |  1.1
Air Magic      | 1 |  1.1
Earth Magic    | 1 |  1.1
Poison Magic   | 1 |  1.1
Dodging        | |  4.7
Stealth        | |  4.3
Spellcasting   | |  7.2

Action                     |  1- 3 |  4- 6 || total
---------------------------+-------+-------++-------
  Melee: Dagger            |    30 |       ||    30
         Bite              |     2 |       ||     2
         Staff             |     8 |     9 ||    17
   Cast: Magic Dart        |    71 |     7 ||    78
         Call Imp          |     1 |     1 ||     2
    Use: Potion            |       |     3 ||     3
   Stab: Sleeping          |     1 |       ||     1
 Armour: Robe              |     8 |    12 ||    20
  Dodge: Dodged            |    29 |    13 ||    42
